 Dungeon Crawl Stone Soup version 0.32-a0-711-g016ad743e0 (webtiles) character file.

Game seed: 5338654188845431769

15 Revguard the Slasher (level 2, -2/22 HPs)
             Began as a Demonspawn Gladiator on Mar 15, 2024.
             Slain by a kobold
             ... wielding a +4 whip
              (5 damage)
             ... on level 1 of the Dungeon.
             The game lasted 00:00:35 (223 turns).

Revguard the Slasher (Demonspawn Gladiator)          Turns: 223, Time: 00:00:36

Health: -2/22      AC:  4    Str: 14    XL:     2   Next: 34%
Magic:  2/2        EV: 11    Int:  8    God:
Gold:   9          SH:  0    Dex: 14    Spells: 1/1 levels left

rFire   . . .        a - +0 long sword
rCold   . . .        (no shield)
rNeg    . . .        b - +0 leather armour
rPois   .            c - +0 helmet
rElec   .            (no cloak)
rCorr   .            (no gloves)
SInv    .            (no boots)
Will    .....        (no amulet)
Stlth   +            (no ring)
HPRegen 0.23/turn    (no ring)
MPRegen 0.08/turn

%: no passive effects
@: no status effects
A: hooves 1
a: no special abilities


You were on level 1 of the Dungeon.
You visited 1 branch of the dungeon, and saw 1 of its levels.

You collected 9 gold pieces.

Inventory:

Hand Weapons
 a - a +0 long sword (weapon)
Missiles
 d - 3 throwing nets (quivered)
 e - a javelin
Armour
 b - a +0 leather armour (worn)
 c - a +0 helmet (worn)
Scrolls
 f - a scroll of noise {unknown}
 g - a scroll of amnesia {unknown}


   Skills:
 + Level 2.2 Fighting
 + Level 2.8 Long Blades
 - Level 1.7 Throwing
 + Level 0.5 Armour
 + Level 2.8 Dodging
 + Level 0.6 Evocations


You had one spell level left.
You didn't know any spells.
Your spell library was empty.

Dungeon Overview and Level Annotations

Branches:
Dungeon (1/15)

Altars:


Innate Abilities, Weirdness & Mutations

You have large cloven feet.


Message History

You kill the endoplasm!
The goblin barely misses you. x2
You completely miss the goblin. Your kick misses the goblin.
The goblin closely misses you.
You hit the goblin. Your kick misses the goblin.
The goblin is heavily wounded.
The kobold hits you with a +4 whip. The goblin hits you but does no damage.
You are too injured to fight recklessly!
You are too injured to fight recklessly!
You are too injured to fight recklessly!
You are too injured to fight recklessly!
You are too injured to fight recklessly!
You are too injured to fight recklessly!
You are too injured to fight recklessly!
You are too injured to fight recklessly!
You are too injured to fight recklessly!
You are too injured to fight recklessly!
You are too injured to fight recklessly!
You are too injured to fight recklessly!
You are too injured to fight recklessly!
You are too injured to fight recklessly!
You are too injured to fight recklessly!
You are too injured to fight recklessly!
You are too injured to fight recklessly!
You are too injured to fight recklessly!
You are too injured to fight recklessly!
You are too injured to fight recklessly!
You are too injured to fight recklessly!
You hit the goblin.
You kill the goblin!
The kobold hits you with a +4 whip.
You closely miss the kobold. Your kick misses the kobold.
The kobold hits you with a +4 whip.
* * * LOW HITPOINT WARNING * * *
The kobold misses you.
You closely miss the kobold. Your kick misses the kobold.
The kobold hits you with a +4 whip.
* * * LOW HITPOINT WARNING * * *
You hit the kobold but do no damage. The kobold hits you with a +4 whip.
You die...

...♣♣
.....♣♣♣.#.......
##..♣ ∩...∩.
..#........
##.♣♣♣∩∩∩♣♣
.##........
##.♣♣♣♣♣♣♣.#
#........ ##..♣♣♣..#
#........ #>.....>#
#........
###.########........
#.................
##########@)....$.
#.K.....( #........
#########


You could see a kobold.

Vanquished Creatures
  3 dart slugs (D:1)
  An endoplasm (D:1)
  A giant cockroach (D:1)
  2 goblins (D:1)
  A bat (D:1)
  A rat (D:1)
9 creatures vanquished.

Notes
Turn   | Place    | Note
-------+----------+-------------------------------------------
     0 | D:1      | Revguard the Demonspawn Gladiator began the quest for the
                  | Orb.
     0 | D:1      | Reached XP level 1. HP: 16/16 MP: 1/1
   155 | D:1      | Gained mutation: You have large cloven feet. [demonic
                  | ancestry]
   155 | D:1      | Reached XP level 2. HP: 22/22 MP: 2/2
   223 | D:1      | Slain by a kobold

Illustrated notes

Levels and vault maps discovered:
D:1:      heliophobic_arrival_henge, layout_basic, minivault_24

Action                     || total
---------------------------++-------
  Melee: Long sword        ||    25
         Kick              ||     4
 Armour: Leather armour    ||    17
  Dodge: Dodged            ||    18

Table legend: (Time is in decaauts)
 A = Elapsed time spent in this place.
 B = Non-inter-level travel time spent in this place.
 C = Inter-level travel time spent in this place.
 D = Time resting spent in this place.
 E = Time spent auto-exploring this place.
 F = Levels seen in this place.
 G = Mean time per level.
                   A        B        C        D        E       F      G
               +--------+--------+--------+--------+--------+-----+--------+
         Total |    229 |    229 |      0 |      0 |    157 |   1 |  229.0 |
       Dungeon |    229 |    229 |      0 |      0 |    157 |   1 |  229.0 |
               +--------+--------+--------+--------+--------+-----+--------+

Top non-repeatable levels by time:
     D:1: 229 daAuts
